CBL
CHARLOTTE KNIGHTS @ CALIFORNIA DREAMERS
06/17/2053
 
TOP OF THE 1ST
Charlotte Knights batting - Pitching for California Dreamers : RHP Vic Fennessy
Pitching: RHP Vic Fennessy
Batting: RHB Jesús Pérez 0-0: Ball
1-0: Ball
2-0: Ball
3-0: Called Strike
3-1: Swinging Strike
3-2: Strikes out looking
Batting: RHB Kamalamaya Subram 0-0: Called Strike
0-1: Foul Ball, location: 9LDF
0-2: Ball
1-2: Strikes out swinging
Batting: SHB Mickey Hart 0-0: SINGLE (Line Drive, 7LS, EV 103.1 MPH)
Batting: LHB José Rosa 0-0: Called Strike
0-1: Ball
1-1: Fly out, F9 (Flyball, 89M, EV 95.0 MPH)
Top of the 1st over - 0 runs, 1 hit, 0 errors, 1 left on base; Charlotte 0 - California 0
BOTTOM OF THE 1ST
California Dreamers batting - Pitching for Charlotte Knights : RHP António Meléndez
Pitching: RHP António Meléndez
Batting: RHB Randy Robbins 0-0: Ball
1-0: SINGLE (Line Drive, 4M, EV 105.0 MPH)
Batting: LHB José Garza 0-0: Ball
1-0: Foul Ball, location: 23F
1-1: Called Strike
1-2: Fielders Choice at 2nd, 1-6 (Groundball, 34S, EV 68.8 MPH)
Batting: RHB James Klopp 0-0: Fly out, F8 (Flyball, 8LXD, EV 91.9 MPH)
Batting: SHB Lucifer Morningstar 0-0: Fielders Choice at 2nd, 6-4 (Groundball, 6, EV 101.3 MPH)
Bottom of the 1st over - 0 runs, 1 hit, 0 errors, 1 left on base; Charlotte 0 - California 0
TOP OF THE 2ND
Charlotte Knights batting - Pitching for California Dreamers : RHP Vic Fennessy
Batting: LHB Lionel Messi 0-0: Ball
1-0: Called Strike
1-1: Called Strike
1-2: Foul Ball, location: 9LMFF
1-2: Ball
2-2: SINGLE (Groundball, 6MD, EV 100.6 MPH)
Batting: LHB Marc Hundt 0-0: Ball
1-0: Foul Ball, location: 5F
1-1: Swinging Strike
1-2: Ball
2-2: Fly out, F7 (Flyball, 7, EV 76.9 MPH)
Batting: SHB Nick Chubb 0-0: Ball
1-0: Foul Ball, location: 5SF
1-1: Foul Ball, location: 2F
1-2: Ball
2-2: Ball
3-2: Strikes out swinging
Batting: SHB Pablo Sanchez 0-0: Called Strike
0-1: Ball
1-1: Swinging Strike
1-2: DOUBLE (Line Drive, 7LS, EV 89.4 MPH)
Lionel Messi to third
Batting: LHB Jorge Cortéz 0-0: Ball
1-0: Called Strike
1-1: Ball
2-1: Ball
3-1: Foul Ball, location: 7LSF
3-2: Foul Ball, location: 3FF
3-2: Base on Balls
Batting: RHB Jesús Pérez 0-0: Ball
1-0: Called Strike
1-1: Ball
2-1: Called Strike
2-2: Ball
3-2: SINGLE (Groundball, 34D, EV 100.0 MPH)
Lionel Messi scores
Pablo Sanchez to third
Jorge Cortéz to second
Pablo Sanchez scores
Jorge Cortéz to third
Batting: RHB Kamalamaya Subram 0-0: Foul Ball, location: 2F
0-1: Ball
1-1: Ball
2-1: Ball
3-1: SINGLE (Line Drive, 89S, EV 106.3 MPH)
Jorge Cortéz scores
Jesús Pérez to second
Runner from 2nd tries for 3rd, OUT! 9-5
Top of the 2nd over - 3 runs, 4 hits, 0 errors, 1 left on base; Charlotte 3 - California 0
BOTTOM OF THE 2ND
California Dreamers batting - Pitching for Charlotte Knights : RHP António Meléndez
Batting: RHB David Puddy 0-0: Ball
1-0: Called Strike
1-1: SINGLE (Line Drive, 8LS, EV 107.5 MPH)
Batting: LHB Pat Van Blarcom 0-0: Ball
1-0: Called Strike
1-1: SINGLE (Line Drive, 6M, EV 100.0 MPH)
David Puddy to second
Batting: RHB Ken Dreger 0-0: Ball
1-0: Ball
2-0: Ball
3-0: Called Strike
3-1: Foul Ball, location: 3SF
3-2: Foul Ball, location: 2F
3-2: Foul Ball, location: 2F
3-2: Fielders Choice at 2nd, 6-4 (Groundball, 56, EV 100.0 MPH)
David Puddy to third
Batting: SHB Kanan Stark 0-0: Called Strike
0-1: Ball
1-1: Ball
2-1: Ball
3-1: Called Strike
3-2: Foul Ball, location: 3SF
3-2: SINGLE (Groundball, 6MD, EV 95.0 MPH)
David Puddy scores
Ken Dreger to second
Batting: RHB Pancho Martínez 0-0: Ball
1-0: Called Strike
1-1: Ball
2-1: Fielders Choice at 2nd, 6-4 (Groundball, 6, EV 88.1 MPH)
Ken Dreger to third
Batting: RHB Randy Robbins 0-0: Called Strike
0-1: Ball
1-1: Ball
2-1: Called Strike
2-2: Foul Ball, location: 2F
2-2: SINGLE (Line Drive, 9S, EV 100.6 MPH)
Ken Dreger scores
Pancho Martínez to second
Batting: LHB José Garza 0-0: Called Strike
0-1: Ball
1-1: Ground out 4-3 (Groundball, 4, EV 110.6 MPH)
Bottom of the 2nd over - 2 runs, 4 hits, 0 errors, 2 left on base; Charlotte 3 - California 2
TOP OF THE 3RD
Charlotte Knights batting - Pitching for California Dreamers : RHP Vic Fennessy
Batting: SHB Mickey Hart 0-0: Ball
1-0: Ball
2-0: Called Strike
2-1: SINGLE (Line Drive, 5D, EV 98.8 MPH)
Batting: LHB José Rosa 0-0: Ball
1-0: Ball
2-0: Ball
3-0: Called Strike
3-1: Base on Balls
Mickey Hart to second
Batting: LHB Lionel Messi 0-0: Ball
1-0: Ground out 6-3 (Groundball, 6MS, EV 88.8 MPH)
Mickey Hart to third
José Rosa to second
Batting: LHB Marc Hundt 0-0: Foul Ball, location: 2F
0-1: Ball
1-1: Foul Ball, location: 2F
1-2: Foul Ball, location: 23FF
1-2: Foul Ball, location: 3F
1-2: Ground out 5-3 (Groundball, 56, EV 105.0 MPH)
Mickey Hart scores
Batting: SHB Nick Chubb 0-0: Ball
1-0: Ground out 6-3 (Groundball, 6M, EV 101.3 MPH)
Top of the 3rd over - 1 run, 1 hit, 0 errors, 1 left on base; Charlotte 4 - California 2
BOTTOM OF THE 3RD
California Dreamers batting - Pitching for Charlotte Knights : RHP António Meléndez
Batting: RHB James Klopp 0-0: Called Strike
0-1: Foul Ball, location: 7LDF
0-2: Foul Ball, location: 5F
0-2: Ball
1-2: Foul Ball, location: 9LSF
1-2: Ball
2-2: Ball
3-2: Fly out, F9 (Flyball, 9S, EV 88.8 MPH)
Batting: SHB Lucifer Morningstar 0-0: Ball
1-0: Ball
2-0: Fly out, F8 (Flyball, 8LS, EV 91.3 MPH)
Batting: RHB David Puddy 0-0: Called Strike
0-1: Swinging Strike
0-2: Ground out 6-3 (Groundball, P, EV 86.9 MPH)
Bottom of the 3rd over - 0 runs, 0 hits, 0 errors, 0 left on base; Charlotte 4 - California 2
TOP OF THE 4TH
Charlotte Knights batting - Pitching for California Dreamers : RHP Vic Fennessy
Batting: SHB Pablo Sanchez 0-0: Ball
1-0: Called Strike
1-1: Ball
2-1: Fly out, F6 (Line Drive, 56D, EV 69.4 MPH)
Batting: LHB Jorge Cortéz 0-0: Ground out 4-3 (Groundball, 4, EV 86.9 MPH)
Batting: RHB Jesús Pérez 0-0: Foul Ball, location: 9LMF
0-1: Ball
1-1: Called Strike
1-2: Foul Ball, location: 2F
1-2: Ball
2-2: Ball
3-2: Base on Balls
Pitching: RHP Dan Phy
Batting: RHB Kamalamaya Subram 0-0: Ball
1-0: Called Strike
1-1: Fly out, F3 (Popup, 3S, EV 75.6 MPH)
Top of the 4th over - 0 runs, 0 hits, 0 errors, 1 left on base; Charlotte 4 - California 2
BOTTOM OF THE 4TH
California Dreamers batting - Pitching for Charlotte Knights : RHP António Meléndez
Batting: LHB Pat Van Blarcom 0-0: Ball
1-0: Ground out 6-3 (Groundball, 6, EV 77.5 MPH)
Batting: RHB Ken Dreger 0-0: Swinging Strike
0-1: Ball
1-1: Ball
2-1: Ball
3-1: Ground out 6-3 (Groundball, 6S, EV 61.9 MPH)
Batting: SHB Kanan Stark 0-0: Fly out, F9 (Flyball, 9D, EV 105.0 MPH)
Bottom of the 4th over - 0 runs, 0 hits, 0 errors, 0 left on base; Charlotte 4 - California 2
TOP OF THE 5TH
Charlotte Knights batting - Pitching for California Dreamers : RHP Dan Phy
Batting: SHB Mickey Hart 0-0: Ball
1-0: SINGLE (Line Drive, 8LS, EV 110.0 MPH)
Batting: LHB José Rosa 0-0: Called Strike
0-1: Swinging Strike
0-2: Strikes out looking
Batting: LHB Lionel Messi 0-0: Called Strike
0-1: Swinging Strike
0-2: Ball
Passed Ball!
Mickey Hart to second
1-2: Ball
2-2: Ball
3-2: Foul Ball, location: 23F
3-2: Fly out, F8 (Flyball, 78M, EV 95.6 MPH)
Batting: LHB Marc Hundt 0-0: Ball
1-0: Ball
2-0: Called Strike
2-1: Foul Ball, location: 9LMF
2-2: Foul Ball, location: 5SF
2-2: Foul Ball, location: 25FF
2-2: Ball
3-2: Fly out, F9 (Flyball, 9S, EV 95.0 MPH)
Top of the 5th over - 0 runs, 1 hit, 0 errors, 1 left on base; Charlotte 4 - California 2
BOTTOM OF THE 5TH
California Dreamers batting - Pitching for Charlotte Knights : RHP António Meléndez
Batting: RHB Pancho Martínez 0-0: Called Strike
0-1: Fly out, F4 (Popup, 34S, EV 76.9 MPH)
Batting: RHB Randy Robbins 0-0: Ground out 5-3 (Groundball, 56, EV 100.0 MPH)
Batting: LHB José Garza 0-0: Ball
1-0: Foul Ball, location: 23F
1-1: Swinging Strike
1-2: Fly out, F8 (Flyball, 8LS, EV 101.3 MPH)
Bottom of the 5th over - 0 runs, 0 hits, 0 errors, 0 left on base; Charlotte 4 - California 2
TOP OF THE 6TH
Charlotte Knights batting - Pitching for California Dreamers : RHP Dan Phy
Batting: SHB Nick Chubb 0-0: Ground out 6-3 (Groundball, 6M, EV 88.1 MPH)
Batting: SHB Pablo Sanchez 0-0: Called Strike
0-1: Foul Ball, location: 25FF
0-2: Ball
1-2: Ball
2-2: Strikes out swinging
Batting: LHB Jorge Cortéz 0-0: Called Strike
0-1: Fly out, F3 (Popup, 3F, EV 60.6 MPH)
Top of the 6th over - 0 runs, 0 hits, 0 errors, 0 left on base; Charlotte 4 - California 2
BOTTOM OF THE 6TH
California Dreamers batting - Pitching for Charlotte Knights : RHP António Meléndez
Batting: RHB James Klopp 0-0: Fly out, F9 (Flyball, 9, EV 95.0 MPH)
Pitching: RHP Ed Wehrman
Batting: SHB Lucifer Morningstar 0-0: Foul Ball, location: 5SF
0-1: Ball
1-1: Ball
2-1: Ball
3-1: Base on Balls
Batting: RHB David Puddy 0-0: Ball
1-0: Ball
2-0: Foul Ball, location: 2F
2-1: Called Strike
2-2: Ball
3-2: Fly out, F8 (Line Drive, 8LM, EV 105.0 MPH)
Batting: LHB Pat Van Blarcom 0-0: Foul Ball, location: 23F
0-1: SINGLE (Line Drive, 7LS, EV 98.8 MPH)
Lucifer Morningstar to second
Batting: RHB Ken Dreger 0-0: Fly out, F8 (Flyball, 8RM, EV 84.4 MPH)
Bottom of the 6th over - 0 runs, 1 hit, 0 errors, 2 left on base; Charlotte 4 - California 2
TOP OF THE 7TH
Charlotte Knights batting - Pitching for California Dreamers : RHP Dan Phy
Pitching: RHP Julián Alarcon
Batting: RHB Jesús Pérez 0-0: Ball
1-0: Ball
2-0: Called Strike
2-1: Ball
3-1: Fly out, F4 (Popup, 4S, EV 73.8 MPH)
Batting: RHB Kamalamaya Subram 0-0: Swinging Strike
0-1: Ball
1-1: Foul Ball, location: 5F
1-2: Foul Ball, location: 25F
1-2: Ball
2-2: Foul Ball, location: 2F
2-2: Strikes out swinging
Batting: SHB Mickey Hart 0-0: Ball
1-0: Ground out U3 (Groundball, 34, EV 79.4 MPH)
Top of the 7th over - 0 runs, 0 hits, 0 errors, 0 left on base; Charlotte 4 - California 2
BOTTOM OF THE 7TH
California Dreamers batting - Pitching for Charlotte Knights : RHP Ed Wehrman
Batting: SHB Kanan Stark 0-0: Called Strike
0-1: Ball
1-1: Called Strike
1-2: Ball
2-2: Ball
3-2: Foul Ball, location: 9LMF
3-2: Foul Ball, location: 3F
3-2: Reached on error, E4 (Groundball, 4, EV 85.0 MPH)
Pinch Hitting: RHB Jerry Kelly 0-0: Ball
1-0: Called Strike
1-1: Grounds into double play, 6-4-3 (Groundball, 6, EV 103.8 MPH)
Batting: RHB Randy Robbins 0-0: Fly out, F5 (Line Drive, 5L, EV 72.5 MPH)
Bottom of the 7th over - 0 runs, 0 hits, 1 error, 0 left on base; Charlotte 4 - California 2
TOP OF THE 8TH
Charlotte Knights batting - Pitching for California Dreamers : RHP Julián Alarcon
Now at 2B: Gary Goodspeed
Now at SS: James Klopp
Batting: LHB José Rosa 0-0: Ball
1-0: SOLO HOME RUN (Flyball, 7LD, EV 94.4 MPH), Distance : 351 ft
Batting: LHB Lionel Messi 0-0: Foul Ball, location: 7LSF
0-1: Swinging Strike
0-2: Strikes out swinging
Batting: LHB Marc Hundt 0-0: Ball
1-0: Ball
2-0: Foul Ball, location: 2F
2-1: Ball
3-1: Swinging Strike
3-2: Foul Ball, location: 2LF
3-2: Foul Ball, location: 2F
3-2: Ground out 6-3 (Groundball, 6, EV 101.9 MPH)
Batting: SHB Nick Chubb 0-0: Called Strike
0-1: Ball
1-1: Foul Ball, location: 2F
1-2: Foul Ball, location: 5FF
1-2: Foul Ball, location: 25F
1-2: Foul Ball, location: 2RF
1-2: Strikes out swinging
Top of the 8th over - 1 run, 1 hit, 0 errors, 0 left on base; Charlotte 5 - California 2
BOTTOM OF THE 8TH
California Dreamers batting - Pitching for Charlotte Knights : RHP Ed Wehrman
Pitching: LHP Sílvio Olival
Now in RF: Juan Moyeda
Batting: LHB José Garza 0-0: Called Strike
0-1: Called Strike
0-2: Ball
1-2: Ball
2-2: Strikes out looking
Batting: RHB James Klopp 0-0: Fly out, F7 (Flyball, 7S, EV 88.8 MPH)
Batting: SHB Lucifer Morningstar 0-0: Ball
1-0: SINGLE (Groundball, 6M, EV 99.4 MPH) (infield hit)
Batting: RHB David Puddy 0-0: Ball
1-0: Swinging Strike
1-1: Swinging Strike
1-2: Ball
2-2: Foul Ball, location: 2F
2-2: Strikes out swinging, 2-3 out at first.
Bottom of the 8th over - 0 runs, 1 hit, 0 errors, 1 left on base; Charlotte 5 - California 2
TOP OF THE 9TH
Charlotte Knights batting - Pitching for California Dreamers : RHP Julián Alarcon
Pitching: RHP Sergio Negrón
Batting: SHB Pablo Sanchez 0-0: SINGLE (Line Drive, 4D, EV 101.9 MPH)
Batting: LHB Jorge Cortéz 0-0: Ball
1-0: Called Strike
Pablo Sanchez is caught stealing 2nd base 2-6
1-1: Ball
2-1: Called Strike
2-2: Ball
3-2: Strikes out swinging
Batting: RHB Jesús Pérez 0-0: Called Strike
0-1: Ball
1-1: Ball
2-1: Ball
3-1: Fly out, F9 (Line Drive, 9S, EV 94.4 MPH)
Top of the 9th over - 0 runs, 1 hit, 0 errors, 0 left on base; Charlotte 5 - California 2
BOTTOM OF THE 9TH
California Dreamers batting - Pitching for Charlotte Knights : LHP Sílvio Olival
Batting: LHB Pat Van Blarcom 0-0: Ball
1-0: Ground out U3 (Groundball, 3, EV 91.3 MPH)
Batting: RHB Ken Dreger 0-0: Ball
1-0: Ball
2-0: Called Strike
2-1: Ball
3-1: Fly out, F8 (Flyball, 8RM, EV 92.5 MPH)
Batting: SHB Kanan Stark 0-0: Ball
1-0: Foul Ball, location: 3FF
1-1: Ground out 6-3 (Groundball, 6, EV 82.5 MPH)
Bottom of the 9th over - 0 runs, 0 hits, 0 errors, 0 left on base; Charlotte 5 - California 2
Tuesday, March 12th , 2024 - OOTP Baseball 24.11 Build 85